| TOP OF THE 1ST |
|
Detroit Tigers batting - Pitching for Milwaukee Brewers : LHP Danny Lawson
|
|
Pitching: LHP Danny Lawson
|
|
|
Batting: RHB Andres Leon
|
0-0: Foul Ball, location: 2F 0-1: Swinging Strike 0-2: Ground out 5-3 (Groundball, 56, EV 103.8 MPH)
|
|
Batting: RHB Adrian Novakovic
|
0-0: Ball 1-0: Foul Ball, location: 2F 1-1: Foul Ball, location: 2F 1-2: Ball 2-2: Foul Ball, location: 2F 2-2: Foul Ball, location: 2F 2-2: Ground out 6-3 (Groundball, 6D, EV 107.5 MPH)
|
|
Batting: SHB Ross Holland
|
0-0: Foul Ball, location: 2F 0-1: Ball 1-1: Ground out 4-3 (Groundball, 4, EV 99.4 MPH)
|
| Top of the 1st over - 0 runs, 0 hits, 0 errors, 0 left on base; Detroit 0 - Milwaukee 0 |
| BOTTOM OF THE 1ST |
|
Milwaukee Brewers batting - Pitching for Detroit Tigers : RHP Caleb Franklin
|
|
Pitching: RHP Caleb Franklin
|
|
|
Batting: RHB Akitada Nishizawa
|
0-0: Ball 1-0: Ball 2-0: Ball 3-0: Called Strike 3-1: Base on Balls
|
|
Batting: SHB Junzo Kato
|
0-0: Called Strike 0-1: Ball 1-1: Called Strike 1-2: SINGLE (Groundball, 4M, EV 99.4 MPH) (infield hit) Akitada Nishizawa to second
|
|
Batting: LHB Eric Klasek
|
0-0: Foul Ball, location: 2F 0-1: Foul Ball, location: 2F 0-2: Strikes out swinging
|
|
Batting: LHB Ernesto Cedillos
|
0-0: Ball 1-0: Foul Ball, location: 2F 1-1: Swinging Strike 1-2: Fielders Choice at 2nd, 1-6 (Groundball, 13S, EV 70.0 MPH) Akitada Nishizawa to third
|
|
Batting: SHB Pat Wilson
|
0-0: Called Strike 0-1: Swinging Strike 0-2: SINGLE (Groundball, 25, EV 66.9 MPH) (infield hit) Akitada Nishizawa scores Ernesto Cedillos to second
|
|
Batting: RHB Ryan Neal
|
0-0: Foul Ball, location: 2F 0-1: Ball 1-1: Ball 2-1: SINGLE (Groundball, 56D, EV 102.5 MPH) Ernesto Cedillos to third Pat Wilson to second Runner from 3rd tries for Home, SAFE, throw by LF to home
|
|
Batting: RHB Noah Stanley
|
0-0: Ball 1-0: Foul Ball, location: 2F 1-1: Called Strike 1-2: Foul Ball, location: 2F 1-2: Foul Ball, location: 2F 1-2: Ball 2-2: Strikes out swinging
|
| Bottom of the 1st over - 2 runs, 3 hits, 0 errors, 2 left on base; Detroit 0 - Milwaukee 2 |
| TOP OF THE 2ND |
|
Detroit Tigers batting - Pitching for Milwaukee Brewers : LHP Danny Lawson
|
|
Batting: RHB Victor Quinones
|
0-0: Ground out 4-3 (Groundball, 4, EV 98.1 MPH)
|
|
Batting: RHB Chris Wheatley
|
0-0: Ball 1-0: Called Strike 1-1: Ball 2-1: Foul Ball, location: 2F 2-2: Ball 3-2: Foul Ball, location: 2F 3-2: Ground out 4-3 (Groundball, 34, EV 86.2 MPH)
|
|
Batting: LHB Tyler Davis
|
0-0: Called Strike 0-1: Ball 1-1: Swinging Strike 1-2: Ball 2-2: Ball 3-2: Fly out, F8 (Line Drive, 8LM, EV 86.2 MPH)
|
| Top of the 2nd over - 0 runs, 0 hits, 0 errors, 0 left on base; Detroit 0 - Milwaukee 2 |
| BOTTOM OF THE 2ND |
|
Milwaukee Brewers batting - Pitching for Detroit Tigers : RHP Caleb Franklin
|
|
Batting: RHB Kisho Ito
|
0-0: Foul Ball, location: 2F 0-1: Foul Ball, location: 2F 0-2: Fly out, F7 (Line Drive, 78M, EV 90.0 MPH)
|
|
Batting: RHB Colin Boddy
|
0-0: Called Strike 0-1: Ball 1-1: Ground out 6-3 (Groundball, 6, EV 82.5 MPH)
|
|
Batting: RHB Akitada Nishizawa
|
0-0: Ball 1-0: Ball 2-0: Ball 3-0: Base on Balls
|
|
Batting: SHB Junzo Kato
|
0-0: Fly out, F8 (Line Drive, 89D, EV 94.4 MPH)
|
| Bottom of the 2nd over - 0 runs, 0 hits, 0 errors, 1 left on base; Detroit 0 - Milwaukee 2 |
| TOP OF THE 3RD |
|
Detroit Tigers batting - Pitching for Milwaukee Brewers : LHP Danny Lawson
|
|
Batting: RHB Dan Friess
|
0-0: Foul Ball, location: 2F 0-1: Ball 1-1: Called Strike 1-2: Foul Ball, location: 2F 1-2: Ground out U3 (Groundball, 3S, EV 67.5 MPH)
|
|
Batting: LHB Morgan Black
|
0-0: Called Strike 0-1: Ground out 4-3 (Groundball, 4, EV 106.2 MPH)
|
|
Batting: RHB Dave Reynolds
|
0-0: Foul Ball, location: 2F 0-1: Ball 1-1: Foul Ball, location: 2F 1-2: Fly out, F8 (Flyball, 8RD, EV 93.1 MPH)
|
| Top of the 3rd over - 0 runs, 0 hits, 0 errors, 0 left on base; Detroit 0 - Milwaukee 2 |
| BOTTOM OF THE 3RD |
|
Milwaukee Brewers batting - Pitching for Detroit Tigers : RHP Caleb Franklin
|
|
Batting: LHB Eric Klasek
|
0-0: Called Strike 0-1: Ground out 6-3 (Groundball, 6, EV 97.5 MPH)
|
|
Batting: LHB Ernesto Cedillos
|
0-0: Called Strike 0-1: Called Strike 0-2: Ball 1-2: Ball 2-2: SINGLE (Groundball, 6D, EV 95.6 MPH)
|
|
Batting: SHB Pat Wilson
|
0-0: Ball 1-0: Foul Ball, location: 2F 1-1: Foul Ball, location: 2F 1-2: SINGLE (Line Drive, 89M, EV 86.2 MPH) Ernesto Cedillos to second Runner from 2nd tries for 3rd, SAFE, throw by RF made to third
|
|
Batting: RHB Ryan Neal
|
0-0: SINGLE (Groundball, 25, EV 65.0 MPH) (infield hit) Pat Wilson to second
|
|
Batting: RHB Noah Stanley
|
0-0: Called Strike 0-1: Ball 1-1: Called Strike 1-2: Strikes out swinging
|
|
Batting: RHB Kisho Ito
|
0-0: Called Strike 0-1: Foul Ball, location: 2F 0-2: Ball 1-2: Ball 2-2: Ball 3-2: SINGLE (Line Drive, 4MD, EV 95.0 MPH) Ernesto Cedillos scores Pat Wilson to third Ryan Neal to second Pat Wilson scores Ryan Neal to third
|
|
Batting: RHB Colin Boddy
|
0-0: Called Strike 0-1: Foul Ball, location: 2F 0-2: Fielders Choice at 2nd, 5-4 (Groundball, 5L, EV 83.1 MPH)
|
| Bottom of the 3rd over - 2 runs, 4 hits, 0 errors, 2 left on base; Detroit 0 - Milwaukee 4 |
| TOP OF THE 4TH |
|
Detroit Tigers batting - Pitching for Milwaukee Brewers : LHP Danny Lawson
|
|
Batting: RHB Andres Leon
|
0-0: Called Strike 0-1: Foul Ball, location: 2F 0-2: Ball 1-2: Strikes out looking
|
|
Batting: RHB Adrian Novakovic
|
0-0: Foul Ball, location: 2F 0-1: Ball 1-1: Swinging Strike 1-2: Ball 2-2: Strikes out swinging
|
|
Batting: SHB Ross Holland
|
0-0: Ball 1-0: Ball 2-0: Foul Ball, location: 2F 2-1: Foul Ball, location: 2F 2-2: Ball 3-2: Foul Ball, location: 2F 3-2: Base on Balls
|
|
Batting: RHB Victor Quinones
|
0-0: Ball 1-0: Ball 2-0: Hit by Pitch Ross Holland to second
|
|
Batting: RHB Chris Wheatley
|
0-0: Ball 1-0: Fly out, F9 (Flyball, 9D, EV 100.0 MPH)
|
| Top of the 4th over - 0 runs, 0 hits, 0 errors, 2 left on base; Detroit 0 - Milwaukee 4 |
| BOTTOM OF THE 4TH |
|
Milwaukee Brewers batting - Pitching for Detroit Tigers : RHP Caleb Franklin
|
|
Batting: RHB Akitada Nishizawa
|
0-0: Ball 1-0: Ball 2-0: Ground out 6-3 (Groundball, 6S, EV 69.4 MPH)
|
|
Batting: SHB Junzo Kato
|
0-0: Ball 1-0: Foul Ball, location: 2F 1-1: Called Strike 1-2: Fly out, F6 (Popup, 6, EV 56.2 MPH)
|
|
Batting: LHB Eric Klasek
|
0-0: Ball 1-0: Ball 2-0: Foul Ball, location: 2F 2-1: Foul Ball, location: 2F 2-2: Strikes out looking
|
| Bottom of the 4th over - 0 runs, 0 hits, 0 errors, 0 left on base; Detroit 0 - Milwaukee 4 |
| TOP OF THE 5TH |
|
Detroit Tigers batting - Pitching for Milwaukee Brewers : LHP Danny Lawson
|
|
Batting: LHB Tyler Davis
|
0-0: Called Strike 0-1: Ball 1-1: Swinging Strike 1-2: Ball 2-2: Strikes out looking
|
|
Batting: RHB Dan Friess
|
0-0: Foul Ball, location: 2F 0-1: Ball 1-1: Ball 2-1: Called Strike 2-2: SINGLE (Flyball, 78S, EV 89.4 MPH)
|
|
Batting: LHB Morgan Black
|
0-0: Ball 1-0: Called Strike 1-1: Called Strike 1-2: Ball 2-2: Fielders Choice at 2nd, 3-6 (Groundball, 3, EV 80.0 MPH)
|
|
Batting: RHB Dave Reynolds
|
0-0: Called Strike 0-1: Swinging Strike 0-2: Strikes out swinging
|
| Top of the 5th over - 0 runs, 1 hit, 0 errors, 1 left on base; Detroit 0 - Milwaukee 4 |
| BOTTOM OF THE 5TH |
|
Milwaukee Brewers batting - Pitching for Detroit Tigers : RHP Caleb Franklin
|
|
Batting: LHB Ernesto Cedillos
|
0-0: Ball 1-0: Ball 2-0: Ground out 3-1 (Groundball, 34S, EV 68.8 MPH)
|
|
Batting: SHB Pat Wilson
|
0-0: Called Strike 0-1: Foul Ball, location: 2F 0-2: Ball 1-2: SINGLE (Flyball, 6D, EV 86.2 MPH)
|
|
Batting: RHB Ryan Neal
|
0-0: Ball Pat Wilson steals 2nd base 1-0: Swinging Strike 1-1: Ball 2-1: Foul Ball, location: 2F 2-2: Fly out, F8 (Flyball, 8RM, EV 95.6 MPH)
|
|
Batting: RHB Noah Stanley
|
0-0: Ball 1-0: Called Strike 1-1: DOUBLE (Groundball, 5L, EV 95.6 MPH) Pat Wilson scores
|
|
Pitching: RHP Bobby Mott
|
|
|
Batting: RHB Kisho Ito
|
0-0: Swinging Strike 0-1: Foul Ball, location: 2F 0-2: Ball 1-2: Ground out 3-1 (Groundball, 34S, EV 80.6 MPH)
|
| Bottom of the 5th over - 1 run, 2 hits, 0 errors, 1 left on base; Detroit 0 - Milwaukee 5 |
| TOP OF THE 6TH |
|
Detroit Tigers batting - Pitching for Milwaukee Brewers : LHP Danny Lawson
|
|
Batting: RHB Andres Leon
|
0-0: Called Strike 0-1: Foul Ball, location: 2F 0-2: Ball 1-2: Strikes out looking
|
|
Batting: RHB Adrian Novakovic
|
0-0: Called Strike 0-1: Swinging Strike 0-2: Ball 1-2: Ball 2-2: Strikes out swinging
|
|
Batting: SHB Ross Holland
|
0-0: Ball 1-0: Ground out 4-3 (Groundball, 4S, EV 78.1 MPH)
|
| Top of the 6th over - 0 runs, 0 hits, 0 errors, 0 left on base; Detroit 0 - Milwaukee 5 |
| BOTTOM OF THE 6TH |
|
Milwaukee Brewers batting - Pitching for Detroit Tigers : RHP Bobby Mott
|
|
Batting: RHB Colin Boddy
|
0-0: Foul Ball, location: 2F 0-1: Ball 1-1: Ball 2-1: SINGLE (Groundball, 56D, EV 101.9 MPH)
|
|
Batting: RHB Akitada Nishizawa
|
0-0: Called Strike 0-1: Foul Ball, location: 2F 0-2: Ball 1-2: Ball 2-2: Grounds into double play, 2-6-3 (Groundball, 2R, EV 63.1 MPH)
|
|
Batting: SHB Junzo Kato
|
0-0: Ball 1-0: Called Strike 1-1: Foul Ball, location: 2F 1-2: Foul Ball, location: 2F 1-2: Ball 2-2: Strikes out swinging
|
| Bottom of the 6th over - 0 runs, 1 hit, 0 errors, 0 left on base; Detroit 0 - Milwaukee 5 |
| TOP OF THE 7TH |
|
Detroit Tigers batting - Pitching for Milwaukee Brewers : LHP Danny Lawson
|
|
Batting: RHB Victor Quinones
|
0-0: Reached on error, E3 (Groundball, 34, EV 79.4 MPH)
|
|
Batting: RHB Chris Wheatley
|
0-0: Called Strike 0-1: Called Strike Victor Quinones steals 2nd base 0-2: Ball 1-2: Foul Ball, location: 2F 1-2: Foul Ball, location: 2F 1-2: Strikes out swinging
|
|
Batting: LHB Tyler Davis
|
0-0: Ball 1-0: Swinging Strike 1-1: Swinging Strike 1-2: Ball 2-2: SINGLE (Groundball, 6D, EV 99.4 MPH) Victor Quinones to third Runner from 3rd tries for Home, SAFE, throw by LF to home
|
|
Batting: RHB Dan Friess
|
0-0: Fly out, F9 (Flyball, 9S, EV 91.9 MPH)
|
|
Pitching: LHP Jamie Blake
|
|
|
Batting: LHB Morgan Black
|
0-0: Ball 1-0: Ball 2-0: Ball Wild Pitch! Tyler Davis to second 3-0: Base on Balls
|
|
Batting: RHB Dave Reynolds
|
0-0: Hit by Pitch Tyler Davis to third Morgan Black to second
|
|
Batting: RHB Andres Leon
|
0-0: Ball 1-0: Foul Ball, location: 2F 1-1: Ball 2-1: SINGLE (Groundball, 5S, EV 75.0 MPH) (infield hit) Tyler Davis scores Morgan Black to third Dave Reynolds to second
|
|
Batting: RHB Adrian Novakovic
|
0-0: Ball 1-0: Called Strike 1-1: Foul Ball, location: 2F 1-2: Strikes out looking
|
| Top of the 7th over - 2 runs, 2 hits, 1 error, 3 left on base; Detroit 2 - Milwaukee 5 |
| BOTTOM OF THE 7TH |
|
Milwaukee Brewers batting - Pitching for Detroit Tigers : RHP Bobby Mott
|
|
Pitching: RHP Melvin Medellin
|
|
|
Batting: LHB Eric Klasek
|
0-0: Ball 1-0: SOLO HOME RUN (Flyball, 8RXD, EV 106.9 MPH), Distance : 429 ft
|
|
Batting: LHB Ernesto Cedillos
|
0-0: Ball 1-0: Foul Ball, location: 2F 1-1: Swinging Strike 1-2: Foul Ball, location: 2F 1-2: Ball 2-2: Strikes out swinging
|
|
Batting: SHB Pat Wilson
|
0-0: Ground out U3 (Groundball, 3, EV 84.4 MPH)
|
|
Batting: RHB Ryan Neal
|
0-0: Called Strike 0-1: Ball 1-1: Ball 2-1: Ground out U3 (Groundball, 34, EV 98.8 MPH)
|
| Bottom of the 7th over - 1 run, 1 hit, 0 errors, 0 left on base; Detroit 2 - Milwaukee 6 |
| TOP OF THE 8TH |
|
Detroit Tigers batting - Pitching for Milwaukee Brewers : LHP Jamie Blake
|
|
Batting: SHB Ross Holland
|
0-0: Called Strike 0-1: Ground out 3-1 (Groundball, 34, EV 80.0 MPH)
|
|
Batting: RHB Victor Quinones
|
0-0: Ball 1-0: Ball 2-0: Swinging Strike 2-1: Ball 3-1: Base on Balls
|
|
Batting: RHB Chris Wheatley
|
0-0: Ball 1-0: Called Strike 1-1: Ball 2-1: Ball 3-1: Base on Balls Victor Quinones to second
|
|
Batting: LHB Tyler Davis
|
0-0: Ball 1-0: Called Strike 1-1: DOUBLE (Line Drive, 9LM, EV 103.8 MPH) Victor Quinones scores Chris Wheatley to third
|
|
Pitching: RHP Cody Autry
|
|
|
Batting: RHB Dan Friess
|
0-0: Ball 1-0: Swinging Strike 1-1: Swinging Strike 1-2: Ball 2-2: Strikes out swinging
|
|
Batting: LHB Morgan Black
|
0-0: Called Strike 0-1: Swinging Strike 0-2: Ball 1-2: Ball 2-2: DOUBLE (Flyball, 8LXD, EV 98.1 MPH) Chris Wheatley scores Tyler Davis scores
|
|
Pinch Hitting: SHB Adam Weber
|
0-0: Called Strike 0-1: Fly out, F7 (Flyball, 7, EV 83.8 MPH)
|
| Top of the 8th over - 3 runs, 2 hits, 0 errors, 1 left on base; Detroit 5 - Milwaukee 6 |
| BOTTOM OF THE 8TH |
|
Milwaukee Brewers batting - Pitching for Detroit Tigers : RHP Melvin Medellin
|
|
Pitching: RHP Bobby Wright
|
|
|
Now at 2B: Andres Leon
|
|
|
Now at 3B: Adam Weber
|
|
|
Batting: RHB Noah Stanley
|
0-0: Called Strike 0-1: Ball 1-1: Called Strike 1-2: Strikes out swinging
|
|
Batting: RHB Kisho Ito
|
0-0: Called Strike 0-1: Fly out, F7 (Flyball, 7, EV 85.6 MPH)
|
|
Batting: RHB Colin Boddy
|
0-0: Ball 1-0: Called Strike 1-1: SINGLE (Line Drive, 89S, EV 89.4 MPH)
|
|
Batting: RHB Akitada Nishizawa
|
0-0: Foul Ball, location: 2F 0-1: Called Strike 0-2: Foul Ball, location: 2F 0-2: Ball 1-2: SINGLE (Flyball, 3D, EV 98.8 MPH) Colin Boddy to second Runner from 2nd tries for 3rd, SAFE, throw by RF made to third
|
|
Batting: SHB Junzo Kato
|
0-0: Foul Ball, location: 2F 0-1: Called Strike 0-2: Foul Ball, location: 2F 0-2: Fly out, F9 (Flyball, 9LD, EV 90.6 MPH)
|
| Bottom of the 8th over - 0 runs, 2 hits, 0 errors, 2 left on base; Detroit 5 - Milwaukee 6 |
| TOP OF THE 9TH |
|
Detroit Tigers batting - Pitching for Milwaukee Brewers : RHP Cody Autry
|
|
Pitching: RHP Jeff Urry
|
|
|
Pinch Hitting: LHB Conrad Taylor
|
0-0: Ball 1-0: Ball 2-0: Ball 3-0: Called Strike 3-1: DOUBLE (Line Drive, 7LS, EV 103.1 MPH)
|
|
Batting: RHB Adrian Novakovic
|
0-0: TRIPLE (Flyball, 9LD, EV 105.6 MPH) Conrad Taylor scores
|
|
Batting: SHB Ross Holland
|
0-0: Intentional Walk
|
|
Batting: RHB Victor Quinones
|
0-0: Ball 1-0: Called Strike 1-1: Ball 2-1: SINGLE (Groundball, 6MD, EV 105.6 MPH) Adrian Novakovic scores Ross Holland to second
|
|
Batting: RHB Chris Wheatley
|
0-0: Called Strike 0-1: Ball 1-1: Called Strike 1-2: Strikes out looking
|
|
Batting: LHB Tyler Davis
|
0-0: Called Strike 0-1: SINGLE (Line Drive, 9S, EV 93.1 MPH) Ross Holland to third Victor Quinones to second Runner from 3rd tries for Home, SAFE, throw by RF to trailing runner, SAFE at third!
|
|
Pinch Hitting: LHB Frank McConnell
|
0-0: Swinging Strike 0-1: Ball 1-1: Ball 2-1: Foul Ball, location: 2F 2-2: Grounds into double play, 4-6-3 (Groundball, 4, EV 91.9 MPH)
|
| Top of the 9th over - 3 runs, 4 hits, 0 errors, 1 left on base; Detroit 8 - Milwaukee 6 |
| BOTTOM OF THE 9TH |
|
Milwaukee Brewers batting - Pitching for Detroit Tigers : RHP Bobby Wright
|
|
Pitching: RHP Steve McGaughey
|
|
|
Now at C: Jerry Jauregui
|
|
|
Now at 2B: Frank McConnell
|
|
|
Batting: LHB Eric Klasek
|
0-0: Called Strike 0-1: Ball 1-1: SINGLE (Line Drive, 8LS, EV 107.5 MPH)
|
|
Batting: LHB Ernesto Cedillos
|
0-0: Foul Ball, location: 2F 0-1: Ball 1-1: Called Strike 1-2: Fly out, F8 (Flyball, 8LM, EV 86.2 MPH)
|
|
Batting: SHB Pat Wilson
|
0-0: Swinging Strike 0-1: Fly out, F6 (Popup, 6M, EV 64.4 MPH)
|
|
Pinch Hitting: SHB Lewis Thorpe Jr.
|
0-0: Swinging Strike 0-1: Called Strike 0-2: Strikes out swinging
|
| Bottom of the 9th over - 0 runs, 1 hit, 0 errors, 1 left on base; Detroit 8 - Milwaukee 6 |
|